 Dungeon Crawl Stone Soup version 0.31-a0-236-g9a0961fb85 (webtiles) character file.

Game seed: 7117747032716657724

4020 Shard1697 the Cleaver (level 10, -1/93 HPs)
             Began as a Meteoran Fighter on July 10, 2023.
             Was a Believer of Ru.
             Killed from afar by a lindwurm (24 damage)
             ... with a blast of flame
             ... on level 8 of the Dungeon.
             The game lasted 00:14:26 (2854 turns).

Shard1697 the Cleaver (Meteoran Fighter)            Turns: 2854, Time: 00:14:26

Health: -1/93      AC: 16    Str: 21    XL:     10   Next: 75%
Magic:  11/11      EV: 13    Int:  9    God:    Ru [**....]
Gold:   231        SH:  0    Dex: 16    Spells: 9/9 levels left

rFire   . . .        a - +0 war axe
rCold   . . .        (shield unavailable)
rNeg    . . .        n - +3 ring mail of Loddutz {Regen+}
rPois   .            b - +2 helmet
rElec   .            k - +0 cloak
rCorr   .            l - +2 pair of gloves {hurl}
SInv    .            (no boots)
Will    +....        (no amulet)
Stlth   +            (ring unavailable)
HPRegen 1.15/turn    p - ring of flight
MPRegen 0.12/turn

%: no passive effects
@: mighty, flying, hasted, glowing, very quick
A: sense surroundings 2, missing a hand, otherworldly, glowing, explore regen
a: Renounce Religion


You were on level 8 of the Dungeon.
You worshipped Ru.
Ru was pleased with you.
You visited 1 branch of the dungeon, and saw 8 of its levels.
You also visited: Sewer.

You collected 231 gold pieces.

Inventory:

Hand Weapons
 a - a +0 war axe (weapon)
Armour
 b - a +2 helmet (worn)
 h - a +1 leather armour of fire resistance
 k - a +0 cloak (worn)
 l - a +2 pair of gloves of hurling (worn)
 n - the +3 ring mail of Loddutz (worn) {Regen+}
   (You found it on level 3 of the Dungeon)

   Regen:     It increases your rate of health regeneration.
Jewellery
 p - a ring of flight (right hand)
Wands
 c - a wand of acid (10)
Scrolls
 g - 2 scrolls of immolation
 j - 3 scrolls of teleportation
Potions
 d - 2 potions of might
 e - a potion of cancellation
 i - 2 potions of lignification
 m - 2 potions of enlightenment


   Skills:
 - Level 10.0 Fighting
 + Level 12.9 Axes
 - Level 3.6 Armour
 + Level 5.3 Dodging


You had 9 spell levels left.
You didn't know any spells.
Your spell library contained the following spells:

 Spells                   Type           Power      Damage    Failure   Level
 Blink                    Tloc           0%         N/A       69%         2
 Lesser Beckoning         Tloc           0%         N/A       69%         2
 Momentum Strike          Conj/Tloc      0%         3d8       69%         2


Dungeon Overview and Level Annotations

Branches:
Dungeon (8/15) Zot: 1951   Temple (0/1) D:5           Sewer (visited)
   Lair: D:8-11

Altars:
Ru

Shops:
D:3 !


Innate Abilities, Weirdness & Mutations

You passively map the area around you.
You are missing a hand.
You are easily found by Zot.
You glow in the dark.
You regain HP and MP as you explore.


Message History

You hit the lindwurm but do no damage.
The lindwurm is heavily wounded.
You slash the lindwurm!
The lindwurm is almost dead.
The lindwurm bites you.
The lindwurm claws you but does no damage.
The lindwurm completely misses you.
You slash the lindwurm!
You kill the lindwurm!
Your Dodging skill increases to level 5!
You completely miss the lindwurm. You hit the lindwurm.
The lindwurm is lightly wounded.
You closely miss the lindwurm.
The lindwurm is lightly wounded.
You barely miss the lindwurm. The lindwurm barely misses you.
The lindwurm claws you but does no damage. x2
The lindwurm breathes flames at you. The blast of flame hits you!!
* * * LOW HITPOINT WARNING * * *
Okay, then.
You slash the lindwurm!
The lindwurm is moderately wounded.
You hit the lindwurm. You hit the lindwurm but do no damage.
The lindwurm is moderately wounded.
You slash the lindwurm! The lindwurm misses you. x2
The lindwurm closely misses you. The lindwurm breathes flames at you.
The blast of flame hits you.
* * * LOW HITPOINT WARNING * * *
You hit the lindwurm.
The lindwurm is moderately wounded.
You slash the lindwurm! You slice the lindwurm!!
The lindwurm is severely wounded.
You barely miss the lindwurm. The lindwurm breathes flames at you.
The blast of flame hits you!!
You die...

,, * , , , ###. #.. ,,*
,...............#.., #.. * **
*.#.......≈≈........####.. ,
, .......≈§§§≈≈≈§.....#.....
+ .....§≈§§§§≈≈§§≈≈≈....>....
,.....§≈§§≈§≈≈≈§≈§≈§§.......
, ....≈§≈≈§§§≈≈≈§§§§§≈.......
#...≈≈≈§§§....§§≈≈≈≈....#.. ,
,...≈≈≈≈§§k@##...§≈≈§≈...#..
, ...§§≈§§§k####.§§≈§§§...+..
...≈≈≈§..#.k$.#..≈≈§§...#..
+..≈≈§≈§§##/>")##§≈§§§≈..#..
*
*,..≈≈≈≈≈.##k):)##.≈§§≈≈..###
+ ,
...≈≈≈≈..#.$(.#§§≈≈≈≈...... ,
...≈§≈≈≈..####..§≈≈≈≈...... *
...≈≈≈≈≈...##§..≈§≈≈≈......
,....≈§≈≈≈≈§k§.≈§≈§≈≈.......


You could see 2 lindwurms.

Vanquished Creatures
  A lindwurm (D:8)
  Pikel (D:6)
  Maggie (D:6)
  A troll (D:7)
  Grinder (D:6)
  A wyvern (D:8)
  Menkaure (D:6)
  3 water moccasins
  A sky beast (D:6)
  An ice beast (D:5)
  An ogre (D:6)
  A centaur (D:6)
  3 lemures (D:6)
  2 kobold brigands (D:7)
  6 scorpions
  6 killer bees (D:7)
  3 howler monkeys (D:7)
  3 hounds
  2 orc priests (D:4)
  4 sleepcaps (D:5)
  3 iguanas (D:5)
  5 orc wizards
  A gnoll (D:1)
  4 adders
  2 river rats (D:6)
  A shadow imp (D:4)
  2 white imps
  A worm (D:2)
  3 dart slugs
  22 orcs
  6 ball pythons
  4 endoplasms
  2 giant cockroaches
  9 goblins
  10 hobgoblins
  5 jackals
  7 quokkas
  10 bats
  2 frilled lizards (D:2)
  15 kobolds
  8 rats
165 creatures vanquished.

Notes
Turn   | Place    | Note
-------+----------+-------------------------------------------
     0 | D:1      | Shard1697 the Meteoran Fighter began the quest for the Orb.
     0 | D:1      | Reached XP level 1. HP: 19/19 MP: 2/2
    51 | D:1      | Reached skill level 3 in Axes
    51 | D:1      | Reached XP level 2. HP: 19/26 MP: 3/3
   186 | D:1      | Reached XP level 3. HP: 31/31 MP: 4/4
   214 | D:1      | Reached skill level 4 in Axes
   418 | D:2      | Reached XP level 4. HP: 38/38 MP: 5/5
   714 | D:2      | Reached skill level 5 in Axes
   936 | D:3      | Identified the +3 ring mail of Loddutz {Regen+}
   953 | D:3      | Found Ruwaz's Distillery.
  1041 | D:3      | Reached XP level 5. HP: 41/45 MP: 6/6
  1157 | D:3      | Found a sacrificial altar of Ru.
  1165 | D:3      | Became a worshipper of Ru the Awakened
  1216 | D:4      | Reached skill level 6 in Axes
  1263 | D:4      | Reached XP level 6. HP: 22/52 MP: 7/7
  1477 | D:5      | Entered Level 5 of the Dungeon
  1479 | D:5      | Found a staircase to the Ecumenical Temple.
  1522 | D:5      | Reached skill level 7 in Axes
  1522 | D:5      | Reached XP level 7. HP: 60/60 MP: 8/8
  1544 | D:5      | Noticed a water moccasin
  1552 | D:5      | Killed a water moccasin
  1553 | D:5      | Reached skill level 5 in Fighting
  1630 | D:5      | Reached skill level 8 in Axes
  1630 | D:5      | Reached XP level 8. HP: 70/70 MP: 9/9
  1691 | D:5      | Gained mutation: You are missing a hand. [Ru sacrifice]
  1691 | D:5      | Reached * piety under Ru
  1691 | D:5      | Reached ** piety under Ru
  1797 | D:6      | Noticed Menkaure
  1802 | D:6      | Killed Menkaure
  1818 | D:6      | Reached skill level 9 in Axes
  1888 | D:6      | Gained mutation: You passively map the area around you.
                  | [Meteoran growth]
  1888 | D:6      | Reached XP level 9. HP: 69/79 MP: 10/10
  1906 | D:6      | Noticed Maggie
  1939 | D:6      | Killed Maggie
  1940 | D:6      | Reached skill level 10 in Axes
  2023 | D:6      | Noticed Pikel
  2025 | D:6      | Noticed Grinder
  2073 | D:6      | Killed Pikel
  2074 | D:6      | Reached skill level 11 in Axes
  2089 | D:6      | Paralysed by Grinder for 2 turns
  2094 | D:6      | Killed Grinder
  2095 | D:6      | Reached XP level 10. HP: 64/91 MP: 11/11
  2240 | D:6      | Found a glowing drain.
  2249 | Sewer    | Entered a sewer
  2451 | D:7      | Reached skill level 10 in Fighting
  2486 | D:7      | Reached skill level 1 in Dodging
  2581 | D:7      | Reached skill level 12 in Axes
  2823 | D:8      | Noticed a lindwurm
  2823 | D:8      | Noticed a lindwurm
  2823 | D:8      | Noticed a lindwurm
  2823 | D:8      | Noticed a lindwurm
  2846 | D:8      | Killed a lindwurm
  2847 | D:8      | Reached skill level 5 in Dodging
  2854 | D:8      | Killed from afar by a lindwurm

Illustrated notes

Levels and vault maps discovered:
D:1:      minmay_arrival_arboretum_small, layout_loops_ring
D:2:      layout_basic, serial_bayou, serial_bayou_lagoon_a,
          serial_bayou_ford_a, serial_bayou_lake_a, serial_bayou_crossing,
          chequers_ecumenical_altar_simple, grunt_ministairs_11
D:3:      layout_basic, general_overflow_altar, nicolae_ru_path_of_blood,
          serial_shops, nicolae_shop_tiny_glass
D:4:      layout_gridville
D:5:      layout_basic, minmay_temple_entry_butterflies, hellmonk_no_cap
D:6:      layout_basic, portal_sewer_entry_e, corexii_shack, uniq_maggie,
          uniq_duvessa, uniq_grinder, uniq_pikel, uniq_menkaure
D:7:      layout_basic
D:8:      layout_gridville, lightli_bailey_entry_fortress, minmay_lindwurm_lava

Skill      XL: |  1  2  3  4  5  6  7  8  9 10 |
---------------+-------------------------------+-----
Axes           | 3 4 5 6 7 8 9 11 12 | 12.9
Fighting       | 4 5 7 9 10 | 10.0
Shields        | 0 |  0.0
Dodging        | 5 |  5.3
Armour         | |  3.6

Action                     |  1- 3 |  4- 6 |  7- 9 | 10-12 || total
---------------------------+-------+-------+-------+-------++-------
  Melee: War axe           |    81 |   185 |   202 |   156 ||   624
 Invoke: Sacrifice a Hand  |       |       |     1 |       ||     1
    Use: Scroll            |       |     3 |     1 |     5 ||     9
         Potion            |       |       |     5 |     3 ||     8
   Stab: Invisible         |       |       |     2 |       ||     2
         Distracted        |       |       |       |     1 ||     1
 Armour: Scale mail        |    29 |    25 |       |       ||    54
         Ring mail         |       |    86 |   114 |    93 ||   293
  Dodge: Dodged            |    32 |    61 |    67 |    93 ||   253
  Block: Buckler           |    18 |    44 |    10 |       ||    72

Table legend: (Time is in decaauts)
 A = Elapsed time spent in this place.
 B = Non-inter-level travel time spent in this place.
 C = Inter-level travel time spent in this place.
 D = Time resting spent in this place.
 E = Time spent auto-exploring this place.
 F = Levels seen in this place.
 G = Mean time per level.
                   A        B        C        D        E       F      G
               +--------+--------+--------+--------+--------+-----+--------+
         Total |   2934 |   2746 |    188 |     40 |     83 |   9 |  326.0 |
       Dungeon |   2847 |   2659 |    188 |     40 |     83 |   8 |  355.9 |
         Sewer |     87 |     87 |      0 |      0 |      0 |   1 |   87.0 |
               +--------+--------+--------+--------+--------+-----+--------+

Top non-repeatable levels by time:
     D:2: 575 daAuts
     D:6: 500 daAuts
     D:1: 389 daAuts
     D:7: 373 daAuts
     D:5: 329 daAuts
     D:4: 311 daAuts
     D:3: 296 daAuts
   Sewer: 87 daAuts
     D:8: 70 daAuts
